 Dungeon Crawl Stone Soup version 0.27-a0-1139-g28e009f8a6 (webtiles) character file.

Game seed: 10932539208850314874

2045 freelancePsychic the Ruffian (level 9, -1/88 HPs)
             Began as a Troll Earth Elementalist on May 7, 2021.
             Succumbed to a hornet's poison
             ... on level 7 of the Dungeon.
             The game lasted 00:09:15 (4730 turns).

freelancePsychic the Ruffian (TrEE)                 Turns: 4730, Time: 00:09:16

Health: -1/88      AC:  4    Str: 18    XL:     9   Next: 4%
Magic:  9/9        EV:  9    Int: 14    God:
Gold:   325        SH:  0    Dex: 10    Spells: 9/10 levels left

rFire    . . .     SeeInvis .     - Unarmed
rCold    . . .     Faith    .   (no shield)
rNeg     . . .     Spirit   .   c - +0 robe
rPois    .         Reflect  .   (helmet restricted)
rElec    .         Harm     .   (no cloak)
rCorr    .         Rampage  .   (gloves unavailable)
Will     .....                  (boots unavailable)
Stlth    +.........             (no amulet)
HPRegen  1.24/turn              (no ring)
MPRegen  0.11/turn              (no ring)

@: lethally poisoned (-1 -> -8), slowed, very slow
A: large, unfitting armour, claws 3, regeneration 1, shaggy fur 1, tough skin 1
a: no special abilities


You were on level 7 of the Dungeon.
You visited 1 branch of the dungeon, and saw 7 of its levels.

You collected 325 gold pieces.

Inventory:

Missiles
 b - 192 stones
 g - 7 curare-tipped darts
Armour
 c - a +0 robe (worn)
Jewellery
 s - a ring of see invisible
Scrolls
 a - 4 scrolls of teleportation {unknown}
 d - 2 scrolls of noise {unknown}
 e - a scroll of enchant weapon {unknown}
 h - a scroll of holy word {unknown}
 i - 2 scrolls of fog {unknown}
 l - a scroll of vulnerability {unknown}
 n - a scroll of silence {unknown}
 o - 2 scrolls of torment {unknown}
 q - 2 scrolls of magic mapping {unknown}
 r - 3 scrolls of identify {unknown}
 v - a scroll of brand weapon {unknown}
 w - a scroll of immolation {unknown}
 y - a scroll of blinking {unknown}
 A - 2 scrolls of enchant armour {unknown}
Potions
 f - a potion of degeneration {unknown}
 j - 2 potions of flight
 m - a potion of magic {unknown}
 p - a potion of lignification {unknown}
 t - a potion of haste {unknown}
 u - a potion of attraction {unknown}
 x - 2 potions of cancellation {unknown}
 z - a potion of brilliance {unknown}
 B - a potion of might {unknown}


   Skills:
 + Level 5.5 Fighting
 - Level 1.5 Dodging
 - Level 1.0 Stealth
 - Level 7.4 Unarmed Combat
 - Level 1.2 Spellcasting
 + Level 3.2 Transmutations
 + Level 4.8 Earth Magic


You had 9 spell levels left.
You knew the following spells:

 Your Spells              Type           Power      Damage    Failure   Level
a - Sandblast             Erth           28%        2d8       3%          1

Your spell library contained the following spells:

 Spells                   Type           Power      Damage    Failure   Level
 Passwall                 Tmut/Erth      10%        N/A       8%          2
 Stone Arrow              Conj/Erth      14%        3d7       28%         3
 Petrify                  Tmut/Erth      12%        N/A       43%         4
 Confusing Touch          Hex            0%         N/A       61%         3
 Gell's Gravitas          Tloc           0%         N/A       61%         3
 Lee's Rapid Deconstruct  Erth           7%         3d7*      69%         5
 Yara's Violent Unravell  Hex/Tmut       2%         3d3       98%         5
 Metabolic Englaciation   Hex/Ice        0%         N/A       100%        5


Dungeon Overview and Level Annotations

Branches:
Dungeon (7/15)
 Temple: D:4-7

Altars:
Dithmenos
Fedhas
Trog

Shops:
D:2 :   D:3 [   D:5 =   D:6 *


Innate Abilities, Weirdness & Mutations

You are too large for most types of armour.
You have claws for hands.
Your natural rate of healing is unusually fast.
You are covered in fur. (AC +1)
You have tough skin. (AC +1)


Message History

You are poisoned.
You feel yourself slow down.
You miss the hornet.
You feel very sick. The hornet stings you.
You suddenly lose the ability to move!
The hornet stings you!
You feel as though you will be slow longer.
You feel sick. The hornet stings you!
You shrug off the repeated paralysis!
The hornet stings you!
You are more poisoned.
You feel as though you will be slow longer.
The wyvern skeleton bites you.
You feel very sick. The hornet stings you!
You feel as though you will be slow longer.
The wyvern skeleton bites you.
You can move again.
You feel very sick. The hornet stings you.
* * * LOW HITPOINT WARNING * * *
You shrug off the repeated paralysis!
The hornet stings you.
* * * LOW HITPOINT WARNING * * *
You feel as though you will be slow longer.
The wyvern skeleton bites you!
* * * LOW HITPOINT WARNING * * *
You feel very sick. The hornet stings you.
* * * LOW HITPOINT WARNING * * *
You are lethally poisoned!
You feel as though you will be slow longer.
Okay, then.
You mangle the hornet!! Your claw misses the hornet.
The hornet is heavily wounded.
* * * LOW HITPOINT WARNING * * *
You feel very sick. The hornet closely misses you.
The hornet stings you but does no damage.
You closely miss the hornet.
The hornet is heavily wounded.
You die...

######### #####.(Zy@..#
........###.#
#####.#.###.#######
...............#######
......>.##.#####.#.....#
... .....##.# #.#.###.#
.. .........# #.#.###.#
. ........### #....##.#
........## ###..##.#


You could see a hornet and a wyvern skeleton.

Vanquished Creatures
  Maggie (D:6)
  Edmund (D:4)
  An orc warrior (D:5)
  A black bear (D:6)
  3 necrophages
  3 ogres
  A phantom (D:5)
  Blork the orc (D:6)
  A gnoll sergeant (D:6)
  A scorpion (D:6)
  A howler monkey (D:6)
  3 bullfrog zombies
  2 hounds (D:3)
  A jelly (D:6)
  5 orc priests
  A centaur skeleton (D:6)
  2 orc wizards (D:6)
  An iguana (D:5)
  4 gnolls (D:6)
  A howler monkey skeleton (D:6)
  6 adders
  A worm (D:3)
  3 dart slugs
  14 orcs
  6 bats
  7 endoplasms
  5 giant cockroaches
  7 goblins
  7 hobgoblins
  10 jackals
  3 ball pythons
  7 frilled lizards
  3 kobolds
  6 rats
120 creatures vanquished.

Vanquished Creatures (others)
  An orc wizard (D:6)
1 creature vanquished.

Grand Total: 121 creatures vanquished

Notes
Turn   | Place    | Note
-------+----------+-------------------------------------------
     0 | D:1      | freelancePsychic the Troll Earth Elementalist began the
                  | quest for the Orb.
     0 | D:1      | Reached XP level 1. HP: 16/16 MP: 1/1
    58 | D:1      | Reached skill level 1 in Unarmed Combat
    72 | D:1      | Reached XP level 2. HP: 26/26 MP: 2/2
   630 | D:2      | Reached skill level 2 in Unarmed Combat
   675 | D:2      | Reached skill level 1 in Fighting
   702 | D:2      | Reached XP level 3. HP: 33/33 MP: 3/3
   712 | D:2      | Found Tecsuithi's Book Shop.
   756 | D:2      | Found a faded altar of an unknown god.
   848 | D:2      | Found a bloodstained altar of Trog.
  1295 | D:3      | Reached skill level 3 in Unarmed Combat
  1295 | D:3      | Reached XP level 4. HP: 27/41 MP: 4/4
  1482 | D:3      | Reached XP level 5. HP: 23/49 MP: 5/5
  1702 | D:3      | Reached skill level 4 in Unarmed Combat
  1779 | D:3      | Found Jexelieh's Armour Emporium.
  2438 | D:4      | Noticed a necrophage
  2454 | D:4      | Killed a necrophage
  2455 | D:4      | Reached XP level 6. HP: 38/59 MP: 6/6
  2504 | D:4      | Reached skill level 5 in Unarmed Combat
  2678 | D:4      | Found a shadowy altar of Dithmenos.
  2689 | D:4      | Noticed Edmund
  2711 | D:4      | Killed Edmund
  2835 | D:4      | Reached skill level 6 in Unarmed Combat
  2835 | D:4      | Reached XP level 7. HP: 67/67 MP: 7/7
  2928 | D:4      | Found a blossoming altar of Fedhas.
  3011 | D:5      | Entered Level 5 of the Dungeon
  3395 | D:5      | Found Ozengumaem's Jewellery Boutique.
  3580 | D:6      | Reached skill level 7 in Unarmed Combat
  3622 | D:6      | Noticed Blork the orc
  3633 | D:6      | Killed Blork the orc
  3634 | D:6      | Reached skill level 1 in Transmutations
  3634 | D:6      | Reached XP level 8. HP: 60/78 MP: 8/8
  3685 | D:6      | Found Xoqer's Elemental Accessories.
  3894 | D:6      | Noticed Maggie
  3944 | D:6      | Killed Maggie
  3945 | D:6      | Reached skill level 5 in Fighting
  4288 | D:6      | Reached XP level 9. HP: 87/88 MP: 9/9
  4724 | D:7      | Paralysed by a hornet for 3 turns
  4729 | D:7      | HP: 2/88 [poisoned by a hornet]
  4730 | D:7      | Succumbed to a hornet's poison

Illustrated notes

Levels and vault maps discovered:
D:1:      eino_arrival_tree_alley, layout_basic
D:2:      layout_loops_ring, serial_shops, shop, ebering_ecumenical_altar_webs,
          basic_altar
D:3:      layout_loops_ring, serial_shops, nicolae_shop_behind_doors
D:4:      layout_loops_corners, amcnicky_altar_gilded, lemuel_tele_altar,
          uniq_edmund
D:5:      layout_cave_pools, serial_shops, kennysheep_little_box
D:6:      layout_gridville, hangedman_abyss_or_decor_passed,
          nicolae_elemental_shop, st_stairs_2, grunt_ministairs_1,
          minmay_misc_feat_columns, feat_on_display, uniq_blork_the_orc,
          uniq_maggie
D:7:      layout_loops_corners, temple_garden,
          hangedman_abyss_or_decor_jellyfish_corner, minmay_strange_pillars

Skill      XL: |  1  2  3  4  5  6  7  8 |
---------------+-------------------------+-----
Unarmed Combat | 1 2 3 4 6 7 |  7.4
Fighting       | 1 2 3 4 5 |  5.5
Transmutations | 1 3 |  3.2
Earth Magic    | 4 |  4.8
Dodging        | |  1.5
Stealth        | |  1.0
Spellcasting   | |  1.2

Action                   |  1- 3 |  4- 6 |  7- 9 || total
-------------------------+-------+-------+-------++-------
Melee: Unarmed           |   121 |   143 |   168 ||   432
       Punch             |     1 |     4 |     2 ||     7
  Use: Potion            |       |       |     3 ||     3
 Stab: Sleeping          |     1 |     1 |       ||     2
Armor: Robe              |    72 |    38 |    22 ||   132
Dodge: Dodged            |    66 |    50 |    70 ||   186

Table legend: (Time is in decaauts)
 A = Elapsed time spent in this place.
 B = Non-inter-level travel time spent in this place.
 C = Inter-level travel time spent in this place.
 D = Time resting spent in this place.
 E = Time spent auto-exploring this place.
 F = Levels seen in this place.
 G = Mean time per level.
                   A        B        C        D        E       F      G
               +--------+--------+--------+--------+--------+-----+--------+
         Total |   4696 |   4497 |    199 |    104 |   3459 |   7 |  670.9 |
       Dungeon |   4696 |   4497 |    199 |    104 |   3459 |   7 |  670.9 |
               +--------+--------+--------+--------+--------+-----+--------+

Top non-repeatable levels by time:
     D:4: 955 daAuts
     D:6: 924 daAuts
     D:3: 762 daAuts
     D:5: 711 daAuts
     D:2: 660 daAuts
     D:1: 616 daAuts
     D:7: 66 daAuts
